 Dungeon Sprint DCSS version bcrawl-1.23.1 (webtiles) character file.

Game seed: 17834127458741759150

30 pasperui the Ruffian (level 3, 18/37 HPs)
             Began as a Troll Martial Artist on May 26, 2020.
             Was a Priest of Wu Jian.
             Got out of the dungeon alive.
             The game lasted 00:00:55 (151 turns).

pasperui the Ruffian (Troll Martial Artist)          Turns: 151, Time: 00:00:56

Health: 18/37      AC:  5    Str: 21    XL:     3   Next: 5%
Magic:  3/3        EV: 11    Int:  6    God:    Wu Jian [***...]
Gold:   0          SH:  0    Dex: 12    Spells: 3/4 levels left

rFire    . . .     SeeInvis .     - Unarmed
rCold    . . .     Gourm    +   (no shield)
rNeg     . . .     Faith    .   (armour unavailable)
rPois    .         Spirit   .   (helmet restricted)
rElec    .         Reflect  .   (no cloak)
rCorr    .         Harm     .   (gloves unavailable)
MR       .....     NoTele   +   (boots unavailable)
Stlth    ++........             (no amulet)
HPRegen  0.12/turn              (no ring)
MPRegen  0.08/turn              (no ring)

@: no status effects
A: large, almost no armour, unfitting armour, claws 3, fast metabolism 3,
gourmand, AC +5
a: Wall Jump, Serpent's Lash, Renounce Religion


You escaped.
You worshipped Wu Jian.
Wu Jian was most pleased with you.
You were very full.

You visited 1 branch

Inventory:

Scrolls
 h - a scroll of blinking
 j - 2 scrolls of vulnerability
 k - 3 scrolls of remove curse
 l - 5 scrolls of amnesia
 m - a scroll of summoning
Potions
 a - a potion of agility
 b - a potion of haste
 c - 5 potions of curing
 d - 6 potions of heal wounds
 f - 4 potions of magic
 g - 3 potions of berserk rage
 i - 2 potions of invisibility
Comestibles
 e - 9 rations {!d}


   Skills:
 + Level 3.2 Fighting
 + Level 3.2 Dodging
 + Level 0.9 Stealth
 + Level 6.1 Unarmed Combat
 + Level 1.0 Spellcasting
 + Level 1.0 Hexes


You had 3 spell levels left.
You knew the following spells:

 Your Spells              Type           Power        Failure   Level  Hunger
a - Confusing Touch       Hex            #.......     30%         1    ##.....
Your spell library was empty.

Dungeon Overview and Level Annotations

Branches:
Dungeon (1/1)

Altars:
Cheibriados
Dithmenos
Elyvilon
Fedhas
Gozag
Hepliaklqana
Lugonu
Makhleb
Nemelex Xobeh
Okawaru
Qazlal
Ru
Sif Muna
Trog
Vehumet
Wu Jian
Xom
Yredelemnul
Zin
The Shining One
Beogh
Jiyva


Innate Abilities, Weirdness & Mutations

You cannot wear most types of armour.
Your thick skin is tough. (AC +5)
You are too large for most types of armour.
You have claws for hands.
Your metabolism is lightning-fast.
You like to eat raw meat.


Message History

You see here a +3 chain mail.
You see here a +3 ring mail.
You see here a +2 trident of piercing.
You see here a +1 long sword of holy wrath.
You see here a +2 quarterstaff of speed.
There is an open door here.
There is an open door here.
There is an open door here.
You see here a kobold corpse.
You see here a frilled lizard skeleton.
There is an open door, spattered with blood here.
You open the door.
There is an open door here.
There is an open door here.
You see here a frilled lizard skeleton.
There is an open door to the Storerooms (Easy) here.
There is an open door to the Entrance Hall (Safe) here.
There is a staircase leading out of the dungeon here.
Are you sure you want to leave the Dungeon?
This will make you lose the game!
You have escaped!

##########.##...........
#.........÷.'...........
#'#####'#####......#..#.
#.#[[#.)÷..##...........
#.#))#####†#####'#####++
#.#))#.....##.......#
#.#))#.....##.......#
#.#..###'####.......#
#.##'#.....##...@...#
#.#........##.......#
#.#........##.......#
###########.......#
#########


There were no monsters in sight!

Vanquished Creatures
  A worker ant (D)
  2 hobgoblins (D)
  A ball python skeleton (D)
  2 frilled lizards (D)
  A giant cockroach zombie (D)
  A kobold (D)
  A quokka skeleton (D)
9 creatures vanquished.

Notes
Turn   | Place    | Note
-------+----------+-------------------------------------------
     0 | D        | pasperui the Troll Martial Artist began the quest for the
                  | Orb.
     0 | D        | Reached XP level 1. HP: 22/22 MP: 1/1
    19 | D        | Found a bloodstained altar of Trog.
    19 | D        | Found a shimmering blue altar of Sif Muna.
    19 | D        | Found a viscous altar of Jiyva.
    19 | D        | Found a hazy altar of Hepliaklqana.
    19 | D        | Found an opulent altar of Gozag.
    20 | D        | Found a glowing golden altar of the Shining One.
    20 | D        | Found a glowing silver altar of Zin.
    20 | D        | Found a basalt altar of Yredelemnul.
    20 | D        | Found a shimmering altar of Xom.
    20 | D        | Found an ornate altar of the Wu Jian Council.
    20 | D        | Found a sacrificial altar of Ru.
    20 | D        | Found a stormy altar of Qazlal.
    20 | D        | Found an iron altar of Okawaru.
    20 | D        | Found a sparkling altar of Nemelex Xobeh.
    20 | D        | Found a burning altar of Makhleb.
    20 | D        | Found a blossoming altar of Fedhas.
    20 | D        | Found a white marble altar of Elyvilon.
    20 | D        | Found a shadowy altar of Dithmenos.
    20 | D        | Found a snail-covered altar of Cheibriados.
    21 | D        | Found a radiant altar of Vehumet.
    21 | D        | Found a corrupted altar of Lugonu.
    21 | D        | Found a roughly hewn altar of Beogh.
    59 | D        | Reached ** piety under Wu Jian
    74 | D        | Noticed a worker ant
    77 | D        | Reached *** piety under Wu Jian
    81 | D        | HP: 1/22 [worker ant (5)]
    82 | D        | Killed a worker ant
    82 | D        | Reached skill level 6 in Unarmed Combat
    82 | D        | Reached XP level 2. HP: 2/31 MP: 2/2
    82 | D        | Reached XP level 3. HP: 2/37 MP: 3/3
   151 | D        | Got out of the dungeon alive.

Skill      XL: |  1 |
---------------+----+-----
Fighting       | 3 |  3.2
Dodging        | 3 |  3.2
Unarmed Combat | 6 |  6.1
Stealth        | |  0.9
Spellcasting   | |  1.0
Hexes          | |  1.0

Action                   || total
-------------------------++-------
Melee: Unarmed           ||    26
Invok: Whirlwind         ||    10
       Lunge             ||     1
  Use: Potion            ||     1
 Stab: Sleeping          ||     2
  Eat: Chunk             ||     2
       Ration            ||     1
Armor: Skin              ||     5
Dodge: Dodged            ||     3
